[Event "Team 45 45 League T38"]
[Site "Internet Chess Club"]
[Date "2008.08.02"]
[Round "2"]
[White "hansolo1000"]
[Black "AronT"]
[Result "1-0"]
[WhiteElo "1783"]
[BlackElo "1731"]
[Opening "Nimzo-Indian: 4.e3 O-O, 5.Bd3 d5"]
[ECO "E48"]
[Time "00:32:42"]
[TimeControl "2700+45"]

1. d4 Nf6 2. c4 e6 3. Nc3 Bb4 4. e3 O-O 5. Bd3 d5 6. Ne2 c5 7. O-O Nc6 8. cxd5
exd5 9. a3 c4 10. Bc2 Bd6 11. f3 Re8 12. e4 dxe4 13. fxe4 Bb8 14. Bf4 Bg4 15. e5
Nd5 16. Qe1 Nxf4 17. Rxf4 Bxe2 18. Nxe2 Qb6 19. Qf2 Qxb2 20. Bxh7+ Kxh7 21. Rf1
Rf8 22. Rh4+ Kg8 23. Qf5 f6 24. e6 Re8 25. Qh7+ Kf8 26. Qh8+ Ke7 27. Qxg7+ Kxe6
28. Rxf6+ Kd5 29. Qg5+ Ne5 30. dxe5 Rxe5 31. Qg8+ Kc5 32. Qxc4# {Black
checkmated} 1-0

[Event "Team 45 45 League T38"]
[Site "Internet Chess Club"]
[Date "2008.08.03"]
[Round "2"]
[White "gtm"]
[Black "Beancounter"]
[Result "1-0"]
[WhiteElo "1697"]
[BlackElo "1740"]
[Opening "Sicilian: Grand Prix attack"]
[ECO "B23"]
[Time "14:00:22"]
[TimeControl "2700+45"]

1. e4 c5 2. Nc3 Nc6 3. f4 g6 4. Nf3 Bg7 5. Bb5 Nd4 6. O-O Nxb5 7. Nxb5 a6 8. Nc3
e6 9. d3 Ne7 10. a4 b6 11. Qe1 O-O 12. Qh4 Nc6 13. Qh3 d6 14. Ne2 e5 15. f5 Nd4
16. Nexd4 cxd4 17. Bh6 Bd7 18. Ng5 Qf6 19. Nxh7 Qd8 20. Bxg7 Kxg7 21. Nxf8 Kxf8
22. Qh8+ Ke7 23. f6+ Ke6 24. Qh3# {Black checkmated} 1-0

[Event "Team 45 45 League T38"]
[Site "Internet Chess Club"]
[Date "2008.08.03"]
[Round "2"]
[White "jesterday"]
[Black "Boromir"]
[Result "1-0"]
[WhiteElo "2011"]
[BlackElo "2008"]
[Opening "Sicilian: Pelikan (Lasker/Sveshnikov) variation"]
[ECO "B33"]
[Time "15:00:13"]
[TimeControl "2700+45"]

1. e4 c5 2. Nf3 Nc6 3. d4 cxd4 4. Nxd4 Nf6 5. Nc3 e5 6. Ndb5 d6 7. Nd5 Nxd5 8.
exd5 Ne7 9. c4 Nf5 10. Bd3 Be7 11. O-O a6 12. Nc3 O-O 13. Qc2 g6 14. f4 exf4 15.
Bxf4 Bd7 16. Qf2 Bf6 17. Bxf5 Bxf5 18. Bh6 Bg7 19. Bxg7 Kxg7 20. Qd4+ Kg8 21. g4
Bc8 22. Ne4 f5 23. gxf5 Bxf5 24. Ng3 Qg5 25. Kh1 Bc2 26. Qc3 Bf5 27. Nxf5 Rxf5
28. Rxf5 Qxf5 29. Qe3 Rf8 30. Re1 Qf3+ 31. Qxf3 Rxf3 32. Re6 Rf2 33. b3 Rxa2 34.
Rxd6 Rf2 35. c5 Rc2 36. b4 Kf8 37. Rd7 a5 38. Rxb7 axb4 39. c6 {Black resigns}
1-0

[Event "Team 45 45 League T38"]
[Site "Internet Chess Club"]
[Date "2008.08.01"]
[Round "2"]
[White "PJ"]
[Black "makito"]
[Result "0-1"]
[WhiteElo "1713"]
[BlackElo "1810"]
[Opening "Petrov: modern attack, Symmetrical variation"]
[ECO "C43"]
[Time "04:33:47"]
[TimeControl "2700+45"]

1. e4 e5 2. Nf3 Nf6 3. d4 Nxe4 4. Bd3 d5 5. Nxe5 Nd7 6. O-O Nxe5 7. dxe5 Nc5 8.
b4 Nxd3 9. Qxd3 Qh4 10. f4 c6 11. a3 a5 12. b5 Bc5+ 13. Kh1 O-O 14. Nc3 Bg4 15.
Na4 Be7 16. Be3 Qh5 17. Rfe1 Bh4 18. Bc5 Bxe1 19. Bxf8 Be2 20. Qe3 d4 21. Qg1
Bg3 22. Bd6 Bxf4 23. bxc6 bxc6 24. Re1 Be3 {White resigns} 0-1

[Event "Team 45 45 League T38"]
[Site "Internet Chess Club"]
[Date "2008.07.31"]
[Round "2"]
[White "incachess"]
[Black "AlterEgo"]
[Result "1-0"]
[WhiteElo "1674"]
[BlackElo "1581"]
[Opening "English, 1...Nf6 (Anglo-Indian defense)"]
[ECO "A15"]
[Time "14:00:48"]
[TimeControl "2700+45"]

1. c4 Nf6 2. d3 d5 3. cxd5 Nxd5 4. a3 g6 5. g3 Bg7 6. Bg2 O-O 7. Qc2 c6 8. Nc3
Nb6 9. b4 N8d7 10. Bb2 Nf6 11. Nf3 Bd7 12. O-O Qc8 13. Rac1 Bh3 14. Rfd1 Bxg2
15. Kxg2 a5 16. b5 cxb5 17. Nxb5 Qxc2 18. Rxc2 Rfc8 19. Nc7 Rab8 20. Rdc1 Ne8
21. Bxg7 Kxg7 22. Nxe8+ Rxe8 23. Rb1 Na8 24. Ne5 b6 25. Rcb2 Rb7 26. a4 b5 27.
Rxb5 Rxb5 28. Rxb5 {Black resigns} 1-0

[Event "Team 45 45 League T38"]
[Site "Internet Chess Club"]
[Date "2008.08.02"]
[Round "2"]
[White "nanning"]
[Black "Orinal"]
[Result "0-1"]
[WhiteElo "1570"]
[BlackElo "1432"]
[Opening "Bishop's opening: Berlin defense"]
[ECO "C24"]
[Time "09:10:33"]
[TimeControl "2700+45"]

1. e4 e5 2. Bc4 Nf6 3. d3 Nc6 4. Nc3 d6 5. f4 exf4 6. Bxf4 Bg4 7. Nf3 Nd4 8. O-O
Nxf3+ 9. gxf3 Bh3 10. Rf2 Nh5 11. Qd2 Qf6 12. Nd5 Qxb2 13. Re1 Rc8 14. e5 Kd7
15. Qe3 c6 16. c3 Qa3 17. Rb1 cxd5 18. Rxb7+ Rc7 19. Rxc7+ Kxc7 20. Bxd5 Nxf4
21. Qxf4 dxe5 22. Qxf7+ Kb6 23. Qxf8 {White resigns} 0-1

Hello Leaguers. go2006 was found with the statement in finger note 1 of having used a computer program to assist his play. By league statutes this game must be set a forfeit loss for go2006.

[Event "Team 45 45 League T38"]
[Site "Internet Chess Club"]
[Date "2008.08.05"]
[Round "2"]
[White "HoHo"]
[Black "DexterHolland"]
[Result "1-0"]
[WhiteElo "1874"]
[BlackElo "1686"]
[Opening "Two knights defense (Modern bishop's opening)"]
[ECO "C55"]
[Time "15:02:50"]
[TimeControl "2700+45"]

1. e4 e5 2. Nf3 Nc6 3. Bc4 Nf6 4. d3 Be7 5. Nc3 d6 6. h3 O-O 7. Be3 Na5 8. Bb3
Nxb3 9. axb3 a6 10. Qd2 Kh8 11. d4 exd4 12. Nxd4 Re8 13. O-O Bd7 14. Rfe1 Ng8
15. Nd5 h6 16. Nxe7 Qxe7 17. Nf5 Bxf5 18. exf5 Qf6 19. Qc3 Qxc3 20. bxc3 Nf6 21.
Bd4 Rxe1+ 22. Rxe1 Re8 23. Rxe8+ Nxe8 24. b4 Kh7 25. g4 h5 26. f3 b6 27. g5 c5
28. Be3 Nc7 29. Bf4 Ne8 30. Kf2 g6 31. f6 d5 32. bxc5 bxc5 33. h4 a5 34. Ke2 c4
35. Kd2 Nxf6 36. gxf6 g5 37. Bxg5 Kg6 38. Kc1 Kf5 39. Kb2 Ke6 40. Ka3 Kf5 41.
Ka4 Ke6 42. Kxa5 Kd7 43. Kb5 Kd6 44. Kb6 Kd7 45. Kc5 Ke6 46. f4 {Black resigns}
1-0

[Event "Team 45 45 League T38"]
[Site "Internet Chess Club"]
[Date "2008.08.02"]
[Round "2"]
[White "kwameh72"]
[Black "badmove"]
[Result "1/2-1/2"]
[WhiteElo "1524"]
[BlackElo "1564"]
[Opening "Queen's pawn, Mason variation"]
[ECO "D00"]
[Time "08:21:27"]
[TimeControl "2700+45"]

1. d4 d5 2. Bf4 Nf6 3. e3 e6 4. Bd3 c5 5. c3 Nc6 6. Nd2 Bd6 7. Bxd6 Qxd6 8. f4
cxd4 9. cxd4 Qb4 10. Rb1 Bd7 11. a3 Qe7 12. Ngf3 Ng4 13. Qe2 f5 14. h3 Nf6 15.
O-O h6 16. b4 Nh5 17. Qf2 g5 18. fxg5 hxg5 19. b5 Nd8 20. a4 Nf7 21. Rbc1 g4 22.
hxg4 fxg4 23. Nh4 g3 24. Qxf7+ Qxf7 25. Bg6 Rf8 26. Rxf7 Rxf7 27. Bxh5 Ke7 28.
Bxf7 Kxf7 29. Rc7 Ke7 30. Nhf3 Kd6 31. Rc1 Re8 32. Ne5 Rc8 33. Rxc8 Bxc8 34. Kf1
Kc7 35. Ke2 Kb6 36. Nb1 Ka5 37. Nc3 Kb4 38. Kd3 b6 39. Nc6+ Ka3 40. Nxa7 Bd7 41.
a5 bxa5 42. b6 e5 43. b7 e4+ 44. Kd2 Bc6 45. Nxc6 a4 46. Nxa4 Kxa4 47. Na5 Kxa5
48. b8=Q Ka6 49. Qxg3 Kb6 50. Qd6+ Ka5 51. g4 Ka4 52. g5 Kb3 53. g6 Ka4 54. g7
Ka5 55. g8=Q Ka4 56. Qgxd5 {Black stalemated} 1/2-1/2

[Event "Team 45 45 League T38"]
[Site "Internet Chess Club"]
[Date "2008.08.03"]
[Round "2"]
[White "bbentrup"]
[Black "LoseOften"]
[Result "1-0"]
[WhiteElo "2234"]
[BlackElo "1781"]
[Opening "Sicilian: closed, 6.f4"]
[ECO "B25"]
[Time "14:30:42"]
[TimeControl "2700+45"]

1. e4 c5 2. Nc3 d6 3. g3 g6 4. Bg2 Bg7 5. d3 Nc6 6. f4 e6 7. Nf3 Nge7 8. O-O O-O
9. Be3 Nd4 10. e5 Nef5 11. Bf2 a6 12. Ne4 Nxf3+ 13. Bxf3 dxe5 14. fxe5 Bxe5 15.
c3 Qc7 16. Bxc5 Rd8 17. Qe2 Bd7 18. Qf2 Bc6 19. Bb6 Qd7 20. Bxd8 Rxd8 21. Nc5
Qc7 22. Bxc6 Qxc6 23. Rad1 b5 24. d4 Bg7 25. g4 Nh6 26. b4 e5 27. dxe5 Rxd1 28.
Rxd1 Bxe5 29. h3 Bxc3 30. Qf4 Kg7 31. Rd6 Qe8 32. Qe4 Qxe4 33. Nxe4 Bxb4 34.
Rxa6 f5 35. gxf5 gxf5 36. Nd6 Bc5+ 37. Kg2 b4 38. Ne8+ Kf8 39. Rxh6 Kxe8 40.
Rxh7 {Black resigns} 1-0

[Event "Team 45 45 League T38"]
[Site "Internet Chess Club"]
[Date "2008.08.02"]
[Round "2"]
[White "rubo"]
[Black "John3v16"]
[Result "1-0"]
[WhiteElo "1717"]
[BlackElo "1756"]
[Opening "Bird: From gambit, Lasker variation"]
[ECO "A02"]
[Time "22:00:16"]
[TimeControl "2700+45"]

1. f4 e5 2. fxe5 d6 3. exd6 Bxd6 4. Nf3 g5 5. d4 g4 6. Ng5 h6 7. Ne4 Nc6 8. c3
Nf6 9. Qd3 Qe7 10. Nxf6+ Qxf6 11. e4 Bf4 12. e5 Qg5 13. Bxf4 Qxf4 14. Qd2 Qe4+
15. Qe2 Qd5 16. Nd2 a6 17. Ne4 Qa5 18. Nf6+ Kf8 19. Qe4 h5 20. Bc4 Ne7 21. O-O
Kg7 22. Ne8+ Rxe8 23. Rxf7+ Kh6 24. Qh7+ Kg5 25. Qg7+ Kh4 26. Qf6# {Black
checkmated} 1-0

[Event "Team 45 45 League T38"]
[Site "Internet Chess Club"]
[Date "2008.08.03"]
[Round "2"]
[White "PandorasBox"]
[Black "ChronoKnight"]
[Result "1-0"]
[WhiteElo "2066"]
[BlackElo "1949"]
[Opening "Queen's bishop game"]
[ECO "D02"]
[Time "17:12:58"]
[TimeControl "2700+45"]

1. d4 d5 2. Nf3 Nf6 3. Bf4 e6 4. e3 c5 5. c3 Nc6 6. Bd3 Bd6 7. dxc5 Bxc5 8. O-O
O-O 9. Nbd2 Qe7 10. e4 dxe4 11. Nxe4 Nxe4 12. Bxe4 Rd8 13. Qc2 h6 14. Rad1 Bd6
15. Bxd6 Rxd6 16. Rxd6 Qxd6 17. Rd1 Qc7 18. Qd3 Kf8 19. Bxc6 bxc6 20. Qh7 f6 21.
Qh8+ Kf7 22. Rd8 Kg6 23. Qe8+ Kf5 24. Qh5+ g5 25. g4+ Kf4 26. Rd4+ Kxf3 27. Qh3+
{Black resigns} 1-0

[Event "Team 45 45 League T38"]
[Site "Internet Chess Club"]
[Date "2008.08.05"]
[Round "2"]
[White "Aluminum"]
[Black "fledermaus"]
[Result "1/2-1/2"]
[WhiteElo "1832"]
[BlackElo "2053"]
[Opening "QGD Slav: 4.e3 Bf5"]
[ECO "D12"]
[Time "14:01:25"]
[TimeControl "2700+45"]

1. d4 d5 2. Nf3 Nf6 3. e3 Bf5 4. c4 c6 5. cxd5 cxd5 6. Qb3 Qc7 7. Nc3 e6 8. Bd2
Nc6 9. Bb5 Nd7 10. O-O Be7 11. Rfc1 O-O 12. a3 Rac8 13. Ne2 Qb6 14. Ng3 Bg6 15.
Ba4 Qxb3 16. Bxb3 Rc7 17. Rc3 Rfc8 18. Rac1 Bd6 19. Nh4 Kf8 20. Ba4 Nb6 21.
Nxg6+ hxg6 22. Bxc6 Rxc6 23. Rxc6 Rxc6 24. Rxc6 bxc6 25. Kf1 Nc4 26. Bc3 {Game
drawn by mutual agreement} 1/2-1/2

[Event "Team 45 45 League T38"]
[Site "Internet Chess Club"]
[Date "2008.08.01"]
[Round "2"]
[White "smitty120"]
[Black "rasdern"]
[Result "1-0"]
[WhiteElo "1940"]
[BlackElo "1711"]
[Opening "Sicilian: Sozin with ...a6 and ...b5"]
[ECO "B87"]
[Time "15:10:11"]
[TimeControl "2700+45"]

1. e4 c5 2. Nf3 d6 3. d4 cxd4 4. Nxd4 Nf6 5. Nc3 a6 6. Bc4 e6 7. Bb3 b5 8. O-O
Be7 9. Re1 Bb7 10. Bxe6 fxe6 11. Nxe6 Qc8 12. Nxg7+ Kf7 13. Nf5 b4 14. Nxe7 Kxe7
15. Nd5+ Bxd5 16. exd5+ Kf7 17. Re6 Qc5 18. Be3 Qc7 19. Rxf6+ Kxf6 20. Qd4+ Kg6
21. Qxh8 {Black resigns} 1-0

[Event "Team 45 45 League T38"]
[Site "Internet Chess Club"]
[Date "2008.07.31"]
[Round "2"]
[White "Python132"]
[Black "Mr-Inretrospect"]
[Result "1-0"]
[WhiteElo "1825"]
[BlackElo "1834"]
[Opening "Nimzo-Indian: three knights variation"]
[ECO "E21"]
[Time "14:00:05"]
[TimeControl "2700+45"]

1. d4 Nf6 2. c4 e6 3. Nc3 Bb4 4. Nf3 b6 5. Bg5 Bb7 6. e3 O-O 7. Be2 d6 8. O-O
Bxc3 9. bxc3 Nbd7 10. Qc2 c5 11. Rac1 h6 12. Bh4 Qe8 13. Nd2 e5 14. d5 Nh7 15.
Bd3 Ndf6 16. Rce1 g5 17. Bg3 g4 18. f3 Ng5 19. fxg4 Kg7 20. h4 Ngh7 21. g5 hxg5
22. hxg5 Nxg5 23. Rf5 Nfh7 24. Bh4 f6 25. Ref1 Qe7 26. Ne4 Nxe4 27. Bxe4 Ng5 28.
R5f2 Qe8 29. Bxg5 {Black resigns} 1-0

[Event "Team 45 45 League T38"]
[Site "Internet Chess Club"]
[Date "2008.08.01"]
[Round "2"]
[White "Ehab"]
[Black "andrew28"]
[Result "1-0"]
[WhiteElo "1759"]
[BlackElo "1761"]
[Opening "Sicilian: Najdorf, Lipnitzky attack"]
[ECO "B86"]
[Time "16:01:35"]
[TimeControl "2700+45"]

1. e4 c5 2. Nf3 d6 3. d4 cxd4 4. Nxd4 Nf6 5. Nc3 a6 6. Bc4 e6 7. Bg5 Be7 8. Qf3
Nbd7 9. Bb3 Nc5 10. Rd1 Qc7 11. O-O O-O 12. Bc1 b5 13. Qh3 Nxb3 14. cxb3 b4 15.
Nce2 Nxe4 16. Ng3 Ng5 17. Qh5 h6 18. h4 Nh7 19. Bxh6 gxh6 20. Qxh6 Kh8 21. Rc1
Qa5 22. Nc6 Qc7 23. Nh5 Rg8 24. Ne5 Rxg2+ 25. Kxg2 Bb7+ 26. Kh2 Bf8 27. Qxh7+
Kxh7 28. Rxc7 dxe5 29. Rxb7 Kg6 30. Ng3 a5 31. h5+ Kg5 32. Rxf7 Bh6 33. Re1 Rg8
34. Kh3 Bg7 35. Rg1 Kh6 36. Ne4 Rd8 37. Rgxg7 {Black resigns} 1-0

This game is ruled a forfeit win in favor of black, warpdrive, due to a no-show by white. - : +

MKM

[Event "Team 45 45 League T38"]
[Site "Internet Chess Club"]
[Date "2008.08.05"]
[Round "2"]
[White "Ernie1"]
[Black "Shereshevsky"]
[Result "0-1"]
[WhiteElo "1608"]
[BlackElo "1603"]
[Opening "King's Indian: Zinnowitz variation"]
[ECO "E90"]
[Time "21:00:31"]
[TimeControl "2700+45"]

1. d4 Nf6 2. c4 g6 3. Nc3 Bg7 4. Nf3 O-O 5. e4 d6 6. Bg5 h6 7. Bxf6 Bxf6 8. Qc2
e5 9. O-O-O Nc6 10. dxe5 Nxe5 11. Nxe5 Bxe5 12. g3 Bg4 13. Be2 Bxc3 14. Bxg4
Qg5+ 15. f4 Bxb2+ 16. Qxb2 Qxg4 17. Qxb7 Qe2 18. Qxc7 Rfc8 19. Rhe1 Qxd1+ {White
resigns} 0-1

[Event "Team 45 45 League T38"]
[Site "Internet Chess Club"]
[Date "2008.08.01"]
[Round "2"]
[White "GambitBandit"]
[Black "waverip"]
[Result "1-0"]
[WhiteElo "2126"]
[BlackElo "1790"]
[Opening "Colle system"]
[ECO "D05"]
[Time "18:02:38"]
[TimeControl "2700+45"]

1. d4 Nf6 2. Nf3 d5 3. e3 e6 4. Bd3 c5 5. c3 Nc6 6. Nbd2 Bd6 7. dxc5 Bxc5 8. O-O
O-O 9. e4 h6 10. Qe2 Bb6 11. b4 Qc7 12. Bb2 e5 13. a4 Qe7 14. Ba3 dxe4 15. Nxe4
Nd8 16. b5 Qe6 17. Bxf8 Kxf8 18. Nxf6 Qxf6 19. Qxe5 Qxe5 20. Nxe5 Bc7 21. Rfe1
Ne6 22. Bf5 Ba5 23. Rac1 a6 24. Nc4 Bc7 25. b6 Bf4 26. Rcd1 g6 27. Bb1 Nc5 28.
Rd8+ Kg7 29. Ree8 Be6 30. Rxa8 Bxc4 31. Rac8 {Black resigns} 1-0

[Event "Team 45 45 League T38"]
[Site "Internet Chess Club"]
[Date "2008.08.01"]
[Round "2"]
[White "ShanghaiTom"]
[Black "chess92192"]
[Result "1/2-1/2"]
[WhiteElo "1695"]
[BlackElo "1855"]
[Opening "Evans gambit"]
[ECO "C52"]
[Time "21:04:24"]
[TimeControl "2700+45"]

1. e4 e5 2. Nf3 Nc6 3. Bc4 Bc5 4. b4 Bxb4 5. c3 Ba5 6. d4 exd4 7. O-O Nge7 8.
cxd4 d5 9. exd5 Nxd5 10. Qb3 Nce7 11. Bg5 f6 12. Bh4 O-O 13. Nbd2 Kh8 14. Rac1
c6 15. Bg3 Qb6 16. Qa3 Bb4 17. Qb3 Bxd2 18. Nxd2 Qxd4 19. Rfd1 Bg4 20. Nf3 Qb6
21. Qa3 Rfd8 22. h3 Bxf3 23. Qxf3 a5 24. Rb1 Qa7 25. Re1 b5 26. Bxd5 Nxd5 27.
Rbc1 Qd7 28. Red1 Rac8 29. Bh4 Qf7 30. g4 h6 31. Bg3 a4 32. h4 c5 33. g5 h5 34.
g6 Qxg6 35. Rxd5 c4 36. Qxh5+ Qxh5 37. Rxh5+ Kg8 38. Rxb5 c3 39. Rbb1 c2 40. Ra1
a3 41. Bf4 Rd4 42. Be3 Rxh4 43. Kf1 Rb8 44. Ke2 Rc4 {Game drawn by mutual
agreement} 1/2-1/2

+:-

[Event "Team 45 45 League T38"]
[Site "Internet Chess Club"]
[Date "2008.08.02"]
[Round "2"]
[White "czek"]
[Black "chesskix"]
[Result "1-0"]
[WhiteElo "1746"]
[BlackElo "1598"]
[Opening "Center game"]
[ECO "C21"]
[Time "17:00:13"]
[TimeControl "2700+45"]

1. e4 e5 2. d4 exd4 3. Bc4 Bb4+ 4. c3 dxc3 5. bxc3 Bxc3+ 6. Nxc3 Ne7 7. Qh5 Ng6
8. Bg5 f6 9. Be3 d6 10. Nge2 Nd7 11. f4 f5 12. exf5 Qh4+ 13. Ng3 Qxh5 14. Nxh5
Nh4 15. Nxg7+ Ke7 16. O-O Nf6 17. Rae1 Kd7 18. Bf2 Nxg2 19. Kxg2 b6 20. Be6+ Kd8
21. Bh4 Bb7+ 22. Kh3 Rf8 23. Re5 c5 24. Nh5 Kc7 25. Nxf6 dxe5 26. Nb5+ {Black
resigns} 1-0